 Dungeon Crawl Stone Soup version 0.27-a0-1193-g8631133539 (webtiles) character file.

Game seed: 13024991510648966641

93 senseless the Ducker (level 4, 0/41 HPs)
             Began as a Gnoll Monk on May 26, 2021.
             Killed by divine providence
             ... invoked by an orc priest
              (10 damage)
             ... on level 2 of the Dungeon.
             The game lasted 00:03:32 (1359 turns).

senseless the Ducker (Gnoll Monk)                   Turns: 1359, Time: 00:03:33

Health: 0/41       AC:  4    Str: 11    XL:     4   Next: 62%
Magic:  5/5        EV: 15    Int: 10    God:
Gold:   57         SH:  0    Dex: 14    Spells: 5/5 levels left

rFire    . . .     SeeInvis .   a - +1 hand axe
rCold    . . .     Faith    .   (no shield)
rNeg     . . .     Spirit   .   b - +0 robe
rPois    .         Reflect  .   (no helmet)
rElec    .         Harm     .   e - +1 cloak
rCorr    .         Rampage  .   (no gloves)
Will     .....                  (no boots)
Stlth    +++.......             (no amulet)
HPRegen  0.13/turn              (no ring)
MPRegen  0.09/turn              (no ring)

@: no status effects
A: fangs 1, strong nose, distributed training
a: no special abilities


You were on level 2 of the Dungeon.
You visited 1 branch of the dungeon, and saw 2 of its levels.

You collected 57 gold pieces.

Inventory:

Hand Weapons
 a - a +1 hand axe (weapon)
Missiles
 h - 20 poisoned darts (quivered)
Armour
 b - a +0 robe (worn)
 e - a +1 cloak (worn)
Potions
 c - 2 potions of brilliance {unknown}
 d - a potion of haste {unknown}
 f - a potion of curing {unknown}


   Skills:
 + Level 6.6 Fighting
 + Level 1.2 Short Blades
 + Level 1.2 Long Blades
 + Level 6.6 Axes
 + Level 1.2 Maces & Flails
 + Level 1.2 Polearms
 + Level 1.2 Staves
 + Level 1.2 Slings
 + Level 1.2 Bows
 + Level 1.2 Crossbows
 + Level 1.2 Throwing
 + Level 1.2 Armour
 + Level 6.6 Dodging
 + Level 4.3 Stealth
 + Level 1.2 Shields
 + Level 1.2 Unarmed Combat
 + Level 1.2 Spellcasting
 + Level 1.0 Conjurations
 + Level 1.0 Hexes
 + Level 1.0 Summonings
 + Level 1.0 Necromancy
 + Level 1.0 Translocations
 + Level 1.0 Transmutations
 + Level 1.0 Fire Magic
 + Level 1.0 Ice Magic
 + Level 1.0 Air Magic
 + Level 1.0 Earth Magic
 + Level 1.0 Poison Magic
 + Level 1.3 Invocations
 + Level 1.2 Evocations


You had 5 spell levels left.
You didn't know any spells.
Your spell library was empty.

Dungeon Overview and Level Annotations

Branches:
Dungeon (2/15)

Altars:

Shops:
D:1 [?


Innate Abilities, Weirdness & Mutations

You have very sharp teeth.
Your uncanny sense of smell can sniff out nearby items.
Your experience applies equally to all skills.


Message History

Your Transmutations skill increases to level 1!
Your Fire Magic skill increases to level 1!
Your Ice Magic skill increases to level 1!
Your Air Magic skill increases to level 1!
Your Earth Magic skill increases to level 1!
Your Poison Magic skill increases to level 1!
The orc priest shouts!
Items here: ( )) †.
The orc priest invokes the aid of Beogh against you.
Beogh smites you!
You closely miss the orc priest.
You bite the orc priest, but do no damage.
The orc priest closely misses you.
You slash the orc priest!
The orc priest is heavily wounded.
You hit the orc priest but do no damage.
The orc priest is heavily wounded.
The orc priest calls down the wrath of Beogh upon you.
Beogh smites you!
* * * LOW HITPOINT WARNING * * *
You are too injured to fight recklessly!
You barely miss the orc priest.
The orc priest is heavily wounded.
You barely miss the orc wizard.
The orc wizard gestures at you while chanting.
You resist with some effort. The orc priest closely misses you.
You hit the orc priest.
You bite the orc priest, but do no damage.
The orc priest is severely wounded.
You hit the orc wizard.
The orc wizard points at you and mumbles some strange words.
The puff of flame misses you. The orc priest completely misses you.
You barely miss the orc priest. Your bite misses the orc priest.
The orc priest is severely wounded.
You hit the orc wizard but do no damage.
The orc wizard hits you with a +0 dagger.
* * * LOW HITPOINT WARNING * * *
The orc priest mumbles some strange prayers to Beogh against you.
Beogh smites you!
You die...

#.# #.#...#.........
#####.#####.#...#.#######.
#...........#...#.# ##
#...........#####.########
#.......)...# #.........
#########)#...............
####.# ##### ........
#....####... ........
#...@o....# ........
#...o###### ........
......... ########
.......... # ...........
.... ............ #....
............# #....
............# ##### .


You could see an orc priest and an orc wizard.

Vanquished Creatures
  An orc priest (D:2)
  An adder (D:2)
  A dart slug (D:1)
  An orc (D:2)
  3 endoplasms (D:1)
  3 giant cockroaches (D:1)
  3 goblins (D:1)
  3 hobgoblins
  10 jackals (D:1)
  6 kobolds
  3 quokkas (D:1)
  4 ball pythons
  4 bats (D:1)
  2 frilled lizards (D:1)
  2 rats (D:1)
47 creatures vanquished.

Notes
Turn   | Place    | Note
-------+----------+-------------------------------------------
     0 | D:1      | senseless the Gnoll Monk began the quest for the Orb.
     0 | D:1      | Reached XP level 1. HP: 23/23 MP: 1/1
   167 | D:1      | Found Sysu's Magic Scroll Shoppe.
   186 | D:1      | Reached XP level 2. HP: 29/29 MP: 2/2
   545 | D:1      | Reached XP level 3. HP: 35/35 MP: 3/3
   629 | D:1      | Found Kausaeg's Antique Armour Emporium.
   919 | D:1      | Reached skill level 1 in Invocations
  1210 | D:2      | Reached skill level 1 in Short Blades
  1210 | D:2      | Reached skill level 1 in Long Blades
  1210 | D:2      | Reached skill level 1 in Maces & Flails
  1210 | D:2      | Reached skill level 1 in Polearms
  1210 | D:2      | Reached skill level 1 in Staves
  1210 | D:2      | Reached skill level 1 in Slings
  1210 | D:2      | Reached skill level 1 in Bows
  1210 | D:2      | Reached skill level 1 in Crossbows
  1210 | D:2      | Reached skill level 1 in Throwing
  1210 | D:2      | Reached skill level 1 in Armour
  1210 | D:2      | Reached skill level 1 in Shields
  1210 | D:2      | Reached skill level 1 in Unarmed Combat
  1210 | D:2      | Reached skill level 1 in Spellcasting
  1210 | D:2      | Reached skill level 1 in Evocations
  1279 | D:2      | Reached XP level 4. HP: 37/41 MP: 5/5
  1350 | D:2      | Reached skill level 1 in Conjurations
  1350 | D:2      | Reached skill level 1 in Hexes
  1350 | D:2      | Reached skill level 1 in Summonings
  1350 | D:2      | Reached skill level 1 in Necromancy
  1350 | D:2      | Reached skill level 1 in Translocations
  1350 | D:2      | Reached skill level 1 in Transmutations
  1350 | D:2      | Reached skill level 1 in Fire Magic
  1350 | D:2      | Reached skill level 1 in Ice Magic
  1350 | D:2      | Reached skill level 1 in Air Magic
  1350 | D:2      | Reached skill level 1 in Earth Magic
  1350 | D:2      | Reached skill level 1 in Poison Magic
  1359 | D:2      | Killed from afar by an orc priest

Illustrated notes

Levels and vault maps discovered:
D:1:      dpeg_arrival_rhombi, layout_loops_ring, serial_shops, shop,
          nicolae_shop_waterfront, st_stairs_5, hangedman_decor_points
D:2:      layout_basic, hellmonk_ecumenical_altar_pennies_from_heaven,
          minmay_strange_pillars

Skill      XL: |  1  2  3  4 |
---------------+-------------+-----
Invocations    | 1 |  1.3
Short Blades   | 1 |  1.2
Long Blades    | 1 |  1.2
Maces & Flails | 1 |  1.2
Polearms       | 1 |  1.2
Staves         | 1 |  1.2
Slings         | 1 |  1.2
Bows           | 1 |  1.2
Crossbows      | 1 |  1.2
Throwing       | 1 |  1.2
Armour         | 1 |  1.2
Shields        | 1 |  1.2
Unarmed Combat | 1 |  1.2
Spellcasting   | 1 |  1.2
Evocations     | 1 |  1.2
Conjurations   | 1 |  1.0
Hexes          | 1 |  1.0
Summonings     | 1 |  1.0
Necromancy     | 1 |  1.0
Translocations | 1 |  1.0
Transmutations | 1 |  1.0
Fire Magic     | 1 |  1.0
Ice Magic      | 1 |  1.0
Air Magic      | 1 |  1.0
Earth Magic    | 1 |  1.0
Poison Magic   | 1 |  1.0
Fighting       | |  6.6
Axes           | |  6.6
Dodging        | |  6.6
Stealth        | |  4.3

Action                   |  1- 3 |  4- 6 || total
-------------------------+-------+-------++-------
Melee: Hand axe          |   134 |    14 ||   148
       Bite              |    15 |     2 ||    17
  Use: Scroll            |     2 |       ||     2
 Stab: Sleeping          |     9 |       ||     9
Armor: Robe              |    22 |     1 ||    23
Dodge: Dodged            |    96 |     8 ||   104

Table legend: (Time is in decaauts)
 A = Elapsed time spent in this place.
 B = Non-inter-level travel time spent in this place.
 C = Inter-level travel time spent in this place.
 D = Time resting spent in this place.
 E = Time spent auto-exploring this place.
 F = Levels seen in this place.
 G = Mean time per level.
                   A        B        C        D        E       F      G
               +--------+--------+--------+--------+--------+-----+--------+
         Total |   1355 |   1330 |     25 |      5 |   1023 |   2 |  677.5 |
       Dungeon |   1355 |   1330 |     25 |      5 |   1023 |   2 |  677.5 |
               +--------+--------+--------+--------+--------+-----+--------+

Top non-repeatable levels by time:
     D:1: 1191 daAuts
     D:2: 164 daAuts
